 Dungeon Crawl Stone Soup version 0.18.1-48-g4cf74bf (webtiles) character file.

10640 Inkary the Basher (level 11, -12/101 HPs)
             Began as a Minotaur Fighter on Aug 8, 2016.
             Was an Elder of Okawaru.
             Mangled by a six-headed hydra (16 damage)
             ... on level 2 of the Lair of Beasts.
             The game lasted 00:35:20 (10675 turns).

Inkary the Basher (Minotaur Fighter)               Turns: 10675, Time: 00:35:21

Health: -12/101    AC:  5    Str: 21    XL:     11   Next: 38%
Magic:  13/13      EV: 13    Int:  5    God:    Okawaru [****..]
Gold:   426        SH: 12    Dex: 13    Spells: 1 memorised, 9 levels left

rFire  . . .     SeeInvis .     d - +3 flail (venom)
rCold  + . .     Gourm    +     v - +0 leather armour "Cugu" {rPois rC+ rCorr} (curse)
rNeg   . . .     Faith    .     c - +0 shield
rPois  +         Spirit   .     (helmet restricted)
rElec  .         Dismiss  .     (no cloak)
rCorr  +         Reflect  .     t - +0 pair of gloves
SustAt .         Harm     .     (no boots)
MR     .....                    j - amulet of the gourmand
Stlth  +.........               (no ring)
                                m - +2 ring of evasion

@: not resistant to hostile enchantments, very unstealthy
A: retaliatory headbutt, horns 2
a: Heroism, Renounce Religion


You were on level 2 of the Lair of Beasts.
You worshipped Okawaru.
Okawaru was greatly pleased with you.
You were very full.

You visited 4 branches of the dungeon, and saw 14 of its levels.

You collected 724 gold pieces.
You spent 298 gold pieces at shops.

Inventory:

Hand Weapons
 d - a +3 flail of venom (weapon)
 w - a +1 flail of holy wrath
Armour
 c - a +0 shield (worn)
 t - a +0 pair of gloves (worn)
 v - the cursed +0 leather armour "Cugu" (worn) {rPois rC+ rCorr}
   (You found it on level 9 of the Dungeon)

   It protects you from cold.
   It protects you from poison.
   It protects you from acid and corrosion.
   It has a curse placed upon it.
 D - a +1 ring mail of fire resistance
Jewellery
 j - an amulet of the gourmand (around neck)
 m - a +2 ring of evasion (left hand)
 B - a cursed -2 ring of protection {unknown}
Wands
 a - a wand of lightning (1/15)
 o - a wand of iceblast (7/15)
 x - a wand of disintegration (11/24)
 y - a wand of polymorph (12/24)
 F - a wand of paralysis (11/24)
Scrolls
 g - 3 scrolls of blinking
 i - a scroll of remove curse
 k - a scroll of magic mapping
 n - 3 scrolls of fog
 p - a scroll of recharging
 u - a scroll of amnesia {unknown}
 C - 2 scrolls of identify
 G - a scroll of vulnerability {unknown}
 H - a scroll of holy word
Potions
 e - 10 potions of curing
 l - 3 potions of brilliance
 r - a potion of mutation
 s - a potion of magic
 A - a potion of haste
 E - a potion of flight {unknown}
Comestibles
 b - a slice of pizza
 f - 12 bread rations
 h - 6 meat rations
 z - 9 beef jerkies


   Skills:
 + Level 10.5 Fighting
   Level 4.6(9.3) Axes
 * Level 12.3(12.6) Maces & Flails
 - Level 9.0 Armour
 + Level 1.4 Dodging
 + Level 10.5 Shields
 - Level 4.1 Invocations


You had 9 spell levels left.
You knew the following spells:

 Your Spells              Type           Power        Failure   Level  Hunger
a - Beastly Appendage     Trmt           #.....       91%         1    ##.....


Dungeon Overview and Level Annotations

Branches:
Dungeon (10/15)            Temple (1/1) D:7            Lair (2/8) D:9
    Orc (1/2) D:9

Altars:
Ashenzari
Cheibriados
Dithmenos
Elyvilon
Fedhas
Gozag
Kikubaaqudgha
Makhleb
Nemelex Xobeh
Okawaru
Pakellas
Qazlal
Ru
Sif Muna
Trog
Vehumet
Xom
Yredelemnul
Zin
The Shining One
Lugonu

Shops:
D:9 *


Innate Abilities, Weirdness & Mutations

You reflexively headbutt those who attack you in melee.
You have a pair of horns on your head.


Message History

The six-headed hydra closely misses you.
The six-headed hydra barely misses you.
The six-headed hydra bites you but does no damage.
You barely miss the six-headed hydra.
The six-headed hydra is moderately wounded.
The six-headed hydra bites you. The six-headed hydra barely misses you.
The six-headed hydra bites you! x3
* * * LOW HITPOINT WARNING * * *
The six-headed hydra bites you!
* * * LOW HITPOINT WARNING * * *
Drink which item? (? for menu, Esc to quit)
You feel much better. The six-headed hydra bites you!
* * * LOW HITPOINT WARNING * * *
You block the six-headed hydra's attack.
The six-headed hydra bites you!
* * * LOW HITPOINT WARNING * * *
The six-headed hydra bites you!
* * * LOW HITPOINT WARNING * * *
The six-headed hydra bites you!
You die...

###.........#
#..........#
#..........#
##.........
#........# ##
#.......#..#
#...<.....#
##.........#
#.....@....#
#......D..##
###..t....#
#..........
##........##
#.........#
..........#
............


You could see a six-headed hydra and a crocodile.

Vanquished Creatures
  Sonja (Lair:1)
  The ghost of kak the Covert, a novice OpMo of Xom (D:8)
  An orc knight (D:9)
  The ghost of kak the Ruffian, a novice TrWz (D:5)
  A spiny frog (Lair:1)
  4 trolls
  A two-headed ogre (D:9)
  4 blink frogs (Lair:1)
  Sigmund (D:2)
  A basilisk (Lair:1)
  A hippogriff (shapeshifter) (D:10)
  A hungry ghost (D:7)
  Edmund (D:6)
  A warg (Orc:1)
  2 water moccasins
  Duvessa (D:6)
  5 orc warriors
  A wasp (D:8)
  A phantom (D:6)
  5 sky beasts
  A necrophage (D:6)
  8 ogres
  6 centaurs
  6 wolves (Lair:1)
  9 giant frogs
  A gnoll sergeant (D:7)
  A wyvern skeleton (D:8)
  Dowan (D:6)
  4 scorpions
  A water moccasin skeleton (D:6)
  3 wights (D:8)
  4 howler monkeys
  2 crimson imps
  2 giant frog zombies
  A centaur skeleton (D:9)
  4 hounds
  8 orc priests
  2 giant frog skeletons
  9 orc wizards
  Jessica (D:2)
  2 iguanas
  8 worker ants
  A killer bee zombie (D:6)
  A hound zombie (D:6)
  9 adders
  13 gnolls
  5 river rats (Lair:1)
  4 shadow imps
  A worm (D:3)
  5 dart slugs (D:1)
  8 giant geckos
  34 orcs
  6 bats
  10 giant cockroaches
  5 goblins
  6 hobgoblins
  16 jackals
  3 kobolds
  8 quokkas
  A ball python (D:3)
  A giant gecko skeleton (D:5)
  5 giant newts
  3 rats
264 creatures vanquished.

Vanquished Creatures (others)
  A scorpion (D:6)
  A hound (D:6)
  An iguana (D:6)
  An orc (D:6)
  A quokka (D:6)
5 creatures vanquished.

Grand Total: 269 creatures vanquished

Notes
Turn   | Place    | Note
--------------------------------------------------------------
     0 | D:1      | Inkary the Minotaur Fighter began the quest for the Orb.
     0 | D:1      | Reached XP level 1. HP: 19/19 MP: 0/0
   139 | D:1      | Reached XP level 2. HP: 27/27 MP: 1/1
   179 | D:1      | You fall through a shaft!
   434 | D:1      | Reached XP level 3. HP: 32/33 MP: 2/2
   948 | D:2      | Noticed Jessica
   951 | D:2      | Killed Jessica
   951 | D:2      | Reached XP level 4. HP: 40/40 MP: 3/3
  1305 | D:2      | Noticed Sigmund
  1314 | D:2      | Killed Sigmund
  1314 | D:2      | Reached skill level 5 in Fighting
  1314 | D:2      | Reached skill level 5 in Armour
  1314 | D:2      | Reached skill level 5 in Shields
  1314 | D:2      | Reached XP level 5. HP: 41/48 MP: 4/4
  1424 | D:2      | You fall through a shaft!
  1429 | D:3      | Reached XP level 6. HP: 56/56 MP: 5/5
  2032 | D:3      | Found a shadowy altar of Dithmenos.
  2035 | D:3      | Found a stormy altar of Qazlal.
  2885 | D:4      | Reached skill level 1 in Maces & Flails
  2890 | D:4      | Reached XP level 7. HP: 44/62 MP: 6/6
  2945 | D:4      | Got a crude ring mail
  2956 | D:4      | Identified the +4 ring mail of Nemaqid {*Corrode MR+++ MP-9 Stlth+} (You found it on level 4 of the Dungeon)
  3235 | D:4      | You fall through a shaft for 2 floors!
  3243 | D:6      | Reached skill level 2 in Maces & Flails
  3327 | D:6      | Found a glowing silver altar of Zin.
  3374 | D:5      | Entered Level 5 of the Dungeon
  3374 | D:5      | Noticed kak's ghost (novice TrWz)
  3387 | D:5      | Found a shattered altar of Ashenzari.
  3401 | D:5      | Killed kak's ghost
  3401 | D:5      | Reached skill level 3 in Maces & Flails
  3404 | D:5      | Reached skill level 4 in Maces & Flails
  3407 | D:5      | Reached XP level 8. HP: 49/71 MP: 0/7
  3641 | D:4      | Found a deep blue altar of Sif Muna.
  3642 | D:4      | Found a shattered altar of Ashenzari.
  3904 | D:5      | Reached skill level 5 in Maces & Flails
  4252 | D:5      | Found a white marble altar of Elyvilon.
  4427 | D:6      | Noticed Dowan
  4432 | D:6      | Noticed Duvessa
  4439 | D:6      | Killed Duvessa
  4439 | D:6      | Reached skill level 6 in Maces & Flails
  4447 | D:6      | Killed Dowan
  4681 | D:6      | Reached XP level 9. HP: 48/79 MP: 0/8
  4820 | D:6      | Reached skill level 7 in Maces & Flails
  4834 | D:6      | Found a shimmering altar of Xom.
  4875 | D:6      | Noticed a troll
  4886 | D:6      | Killed a troll
  5066 | D:6      | Noticed Edmund
  5076 | D:6      | Killed Edmund
  5076 | D:6      | Reached skill level 8 in Maces & Flails
  5596 | D:7      | Found a blossoming altar of Fedhas.
  5648 | D:7      | Found a staircase to the Ecumenical Temple.
  5671 | Temple   | Entered the Ecumenical Temple
  5697 | Temple   | Became a worshipper of Warmaster Okawaru
  5955 | D:7      | Reached skill level 9 in Maces & Flails
  6117 | D:8      | Found a shadowy altar of Dithmenos.
  6177 | D:8      | Reached * piety under Okawaru
  6226 | D:8      | Noticed kak's ghost (novice OpMo)
  6386 | D:8      | Killed kak's ghost
  6386 | D:8      | Reached ** piety under Okawaru
  6386 | D:8      | Reached XP level 10. HP: 60/90 MP: 9/9
  6458 | D:8      | Found a bloodstained altar of Trog.
  6490 | D:8      | Found a sacrificial altar of Ru.
  6660 | D:8      | Reached skill level 10 in Maces & Flails
  6707 | D:8      | Reached skill level 1 in Invocations
  6972 | D:9      | Found a staircase to the Lair.
  7010 | D:9      | Found a staircase to the Orcish Mines.
  7185 | D:9      | Reached *** piety under Okawaru
  7356 | D:9      | Found an ancient bone altar of Kikubaaqudgha.
  7358 | D:9      | Found a blossoming altar of Fedhas.
  7422 | D:9      | Reached skill level 11 in Maces & Flails
  7449 | D:9      | Found a deep blue altar of Sif Muna.
  7632 | D:9      | Found Wemoa's General Store.
  7637 | D:9      | Bought a scroll of blinking for 97 gold pieces
  7637 | D:9      | Bought a scroll of holy word for 97 gold pieces
  7637 | D:9      | Bought a potion of curing for 39 gold pieces
  7637 | D:9      | Bought a bread ration for 65 gold pieces
  7641 | D:9      | Learned a level 1 spell: Beastly Appendage
  7695 | D:9      | Found a bloodstained altar of Trog.
  7800 | D:9      | Found an opulent altar of Gozag.
  7823 | D:9      | Reached skill level 10 in Shields
  7933 | D:10     | Entered Level 10 of the Dungeon
  7949 | D:10     | Noticed an iron golem
  7949 | D:10     | Noticed an iron golem
  7949 | D:10     | Noticed an iron golem
  7949 | D:10     | Noticed an iron golem
  8267 | D:9      | Got a faintly glowing leather armour
  8313 | D:9      | Identified the cursed +0 leather armour "Cugu" {rPois rC+ rCorr} (You found it on level 9 of the Dungeon)
  8354 | Orc:1    | Entered Level 1 of the Orcish Mines
  8365 | Orc:1    | Noticed an orc knight
  8668 | D:9      | Killed an orc knight
  8668 | D:9      | Reached skill level 10 in Fighting
  8668 | D:9      | Reached XP level 11. HP: 45/99 MP: 12/12
  9521 | Lair:1   | Entered Level 1 of the Lair of Beasts
  9539 | Lair:1   | Reached **** piety under Okawaru
  9818 | Lair:1   | Noticed Sonja
  9837 | Lair:1   | Killed Sonja
  9841 | Lair:1   | Reached skill level 12 in Maces & Flails
 10004 | Lair:1   | Reached skill level 1 in Dodging
 10669 | Lair:2   | Noticed a six-headed hydra
 10675 | Lair:2   | HP: 4/101 [six-headed hydra (7)]
 10675 | Lair:2   | Mangled by a six-headed hydra

Skill      XL: |  1  2  3  4  5  6  7  8  9 10 11 |
---------------+----------------------------------+-----
Armour         | 4 5 6 7 9 |  9.0
Shields        | 4 5 6 7 9 10 | 10.5
Axes           | 3 4 |  4.6
Fighting       | 4 5 6 7 8 10 | 10.5
Maces & Flails | 1 4 6 9 11 12 | 12.3
Invocations    | 3 4 |  4.1
Dodging        | 1 |  1.4

Action                   |  1- 3 |  4- 6 |  7- 9 | 10-12 || total
-------------------------+-------+-------+-------+-------++-------
Melee: War axe           |    62 |   100 |       |       ||   162
       Headbutt          |     3 |    11 |    72 |    73 ||   159
       Flail             |       |    37 |   339 |   325 ||   701
Invok: Heroism           |       |       |       |     2 ||     2
  Use: Potion            |       |     3 |     1 |     1 ||     5
       Scroll            |       |       |    17 |     4 ||    21
 Stab: Sleeping          |       |       |       |     1 ||     1
  Eat: Chunk             |       |     6 |    16 |    22 ||    44
Armor: Scale mail        |    31 |    30 |       |       ||    61
       Chain mail        |       |    15 |     8 |     2 ||    25
       Ring mail         |       |       |    77 |       ||    77
       Troll leather arm |       |       |    32 |    32 ||    64
       Leather armour    |       |       |       |    14 ||    14
Dodge: Dodged            |    23 |    43 |   137 |   110 ||   313
Block: Shield            |    47 |    80 |   207 |   196 ||   530
